 Dungeon Crawl Stone Soup version 0.27-a0-498-g7ecbb0a48f (webtiles) character file.

Game seed: 12582731399065930648

72092 hehateme the Destroyer (level 15, -1/96 HPs)
             Began as a Kobold Conjurer on Mar 2, 2021.
             Was a High Priest of Vehumet.
             Slain by a two-headed ogre
             ... wielding a +0 giant spiked club
              (13 damage)
             ... on level 2 of the Orcish Mines.
             The game lasted 01:19:50 (42978 turns).

hehateme the Destroyer (Kobold Conjurer)           Turns: 42978, Time: 01:19:51

Health: -1/96      AC: 10    Str:  5    XL:     15   Next: 84%
Magic:  9/30       EV: 20    Int: 25    God:    Vehumet [*****.]
Gold:   1520       SH: 11    Dex: 16    Spells: 2/37 levels left

rFire    + . .     SeeInvis .   J - +2 hand axe (elec)
rCold    + . .     Faith    .   P - +0 buckler
rNeg     . . .     Spirit   .   I - +0 troll leather armour {regen}
rPois    .         Reflect  +   u - +0 helmet
rElec    .         Harm     .   B - scarf {rC+ rF+}
rCorr    .         Rampage  .   O - +0 pair of gloves {archery}
Will     +....                  (no boots)
Stlth    +++.......             R - amulet of reflection
HPRegen  1.26/turn              s - +4 ring of protection
MPRegen  0.22/turn              (no ring)

@: about to teleport, unable to drink, very slightly contaminated
A: small, agile 1, nightstalker 3, subdued magic 1, MP-powered wands
a: Renounce Religion


You were on level 2 of the Orcish Mines.
You worshipped Vehumet.
Vehumet was extremely pleased with you.
You visited 4 branches of the dungeon, and saw 23 of its levels.

You collected 1650 gold pieces.
You spent 130 gold pieces at shops.

Inventory:

Hand Weapons
 y - the +7 falchion of the Dungeon {pain, +Rage rN++ Dex-4}
   (You found it on level 5 of the Dungeon)

   In the hands of one skilled in necromantic magic, it inflicts extra damage on
   living creatures.
   It affects your dexterity (-4).
   It greatly protects you from negative energy.
   It lets you go berserk.
 J - a +2 hand axe of electrocution (weapon)
Missiles
 b - 217 bolts
 j - 80 poisoned darts
 m - 7 atropa-tipped darts
 p - 150 sling bullets
 r - 684 stones
 x - 2 throwing nets {=f}
 E - 4 boomerangs
 M - 2 silver boomerangs
 Q - 589 arrows
Armour
 a - a +0 robe
 u - a +0 helmet (worn)
 B - a scarf of resistance (worn)
 I - a +0 troll leather armour (worn) {regen}
 O - a +0 pair of gloves of archery (worn)
 P - a +0 buckler (worn)
 S - a +0 pair of gloves
 X - the +3 ring mail of the Countless Moons {Str+5 Dex-3 Stlth+}
   (You took it off a kobold on level 13 of the Dungeon)

   It affects your strength (+5).
   It affects your dexterity (-3).
   It makes you more stealthy.
Jewellery
 e - an amulet of magic regeneration
 n - a ring of resist corrosion
 s - a +4 ring of protection (left hand)
 w - a +6 ring of dexterity
 A - an amulet of the acrobat
 C - a ring of resist corrosion
 R - an amulet of reflection (around neck)
 T - a +6 ring of intelligence
 V - an amulet of regeneration
 W - a ring of wizardry {Wiz+}
Wands
 f - a wand of flame (55)
 z - a wand of polymorph (3)
 D - a wand of digging (4)
 L - a wand of mindburst (24)
 N - a wand of iceblast (2)
Scrolls
 g - a scroll of random uselessness
 h - 4 scrolls of enchant armour
 i - 11 scrolls of identify
 k - 2 scrolls of noise {!r}
 l - 4 scrolls of amnesia
 o - 5 scrolls of enchant weapon
 q - 7 scrolls of immolation {!r}
 t - 4 scrolls of teleportation
 v - 2 scrolls of magic mapping {!r}
 F - a scroll of holy word {!r}
 U - a scroll of acquirement {unknown}
 Y - a scroll of summoning {unknown}
Potions
 d - 3 potions of heal wounds
 G - 2 potions of ambrosia
 H - 2 potions of flight
 K - 5 potions of brilliance
 Z - a potion of haste
Miscellaneous
 c - a phantom mirror (inert)


   Skills:
 + Level 12.3 Fighting
 + Level 1.3 Armour
 - Level 10.0 Dodging
 - Level 2.6 Stealth
 - Level 5.4 Shields
 + Level 11.5 Spellcasting
 - Level 13.1 Conjurations
 - Level 7.0 Hexes
 - Level 3.3 Transmutations
 * Level 11.9 Ice Magic


You had 2 spell levels left.
You knew the following spells:

 Your Spells              Type           Power        Failure   Level
a - Magic Dart            Conj           100%         0%          1
b - Searing Ray           Conj           100%         0%          2
c - Fulminant Prism       Conj/Hex       24%          1%          4
d - Stone Arrow           Conj/Erth      72%          1%          3
e - Mephitic Cloud        Conj/Pois/Air  27%          1%          3
f - Irradiate             Conj/Tmut      21%          1%          5
g - Ozocubu's Refrigerat  Ice            27%          11%         7
h - Iron Shot             Conj/Erth      18%          17%         6
x - Iskenderun's Mystic   Conj/Tloc      36%          1%          4

Your spell library contained the following spells:

 Spells                   Type           Power        Failure   Level
 Eringya's Noxious Bog    Tmut/Pois      8%           75%         6
 Corona                   Hex            42%          1%          1
 Shock                    Conj/Air       100%         1%          1
 Animate Skeleton         Necr           22%          5%          1
 Apportation              Tloc           22%          5%          1
 Summon Small Mammal      Summ           44%          5%          1
 Swiftness                Air            11%          9%          2
 Dazzling Flash           Conj/Hex       98%          1%          3
 Static Discharge         Conj/Air       36%          1%          3
 Lightning Bolt           Conj/Air       18%          3%          5
 Airstrike                Air            5%           16%         4


Dungeon Overview and Level Annotations

Branches:
Dungeon (14/15) Temple (1/1) D:7 Lair (6/6) D:10 Shoals (0/4) Lair:3 Snake (0/4) Lair:4 Slime (0/5) Lair:6 Orc (2/2) D:12 Vaults (0/5) D:12 D:13 Elf: Orc:2

Altars:
Ashenzari
Cheibriados
Dithmenos
Elyvilon
Fedhas
Gozag
Hepliaklqana
Kikubaaqudgha
Makhleb
Nemelex Xobeh
Okawaru
Qazlal
Ru
Sif Muna
Trog
Uskayaw
Vehumet
Wu Jian
Xom
Yredelemnul
Zin
The Shining One
Beogh
Jiyva

Shops:
D:7 ![(   D:9 *

Portals:
Trove: D:11 (show slimy rune of Zot)

Annotations:
D:12 3 runed translucent doors
Lair:3 exclusions: 2 death yaks and hydra
Lair:5 exclusion: hydra
Lair:6 1 runed translucent door, exclusions: wizard and 2 more exclusions


Innate Abilities, Weirdness & Mutations

You are small and have problems with some larger weapons.
You are completely attuned to the shadows.
You are agile. (Dex +2)
Your spells are a little easier to cast, but a little less powerful.
You expend magic power (3 MP) to strengthen your wands.


Message History

You now have 6/30 mp.
The two-headed ogre hits you with a +0 giant club!!
The two-headed ogre hits you with a +0 giant club!
You take 35 damage, and have 59/96 hp.
GAME OVER YEAH!!
The two-headed ogre misses you. The two-headed ogre barely misses you.
An ogre comes into view. It is wielding a +0 giant club.
Unknown command.
You regained 2 hp, and now have 62/96 hp.
The two-headed ogre barely misses you. x2
Unknown command.
The two-headed ogre barely misses you.
The two-headed ogre hits you with a +0 giant club!
You take 7 damage, and have 56/96 hp.
You cannot drink potions in your current state!
Unknown command.
Unknown command.
The two-headed ogre barely misses you. x2
You regained 2 hp, and now have 59/96 hp.
The two-headed ogre hits you with a +0 giant spiked club.
You block the two-headed ogre's attack.
The two-headed ogre hits you with a +0 giant club!!
* * * LOW HITPOINT WARNING * * *
You block the two-headed ogre's attack.
You take 20 damage, and have 39/96 hp.
GAME OVER YEAH!!
As you read the scroll of teleportation, it crumbles to dust.
You feel strangely unstable.
The two-headed ogre hits you with a +0 giant spiked club!!
* * * LOW HITPOINT WARNING * * *
The two-headed ogre barely misses you. The two-headed ogre misses you.
The two-headed ogre hits you with a +0 giant club.
* * * LOW HITPOINT WARNING * * *
You take 30 damage, and have 9/96 hp.
GAME OVER YEAH!!
An ogre comes into view. It is wielding a +0 giant spiked club.
You regained 2 hp, and now have 11/96 hp.
You block the two-headed ogre's attack.
The two-headed ogre hits you with a +0 giant club!
You die...

.......#
.......#
.......#
.......#
......O## ...
.......O###O.#
.......O......
.........O....
........O@..#
...........##
..........##
...........#
..........##
.#.#.......#
..#.......##
..........# ###
###
..........###.#
#.##

Skill      XL: |  1  2  3  4  5  6  7  8  9 10 11 12 13 14 15 |
---------------+----------------------------------------------+-----
Fighting       | 1 2 3 4 5 6 7 9 10 11 12 | 12.3
Conjurations   | 5 6 8 10 11 13 | 13.1
Spellcasting   | 3 4 5 6 7 8 9 10 11 | 11.5
Hexes          | 2 3 4 6 7 |  7.0
Dodging        | 3 5 7 9 10 | 10.0
Shields        | 1 4 5 |  5.4
Transmutations | 2 3 |  3.3
Ice Magic      | 7 11 | 11.9
Armour         | 1 |  1.3
Stealth        | |  2.6

Notes
Turn   | Place    | Note
-------+----------+-------------------------------------------
     0 | D:1      | hehateme the Kobold Conjurer began the quest for the Orb.
     0 | D:1      | Reached XP level 1. HP: 10/10 MP: 3/3
   215 | D:1      | Reached XP level 2. HP: 16/16 MP: 0/5
   542 | D:1      | Reached skill level 1 in Fighting
   659 | D:1      | Reached XP level 3. HP: 20/20 MP: 4/6
  1626 | D:2      | Learned a level 2 spell: Searing Ray
  1813 | D:2      | Reached XP level 4. HP: 25/25 MP: 4/8
  2708 | D:3      | Reached skill level 5 in Conjurations
  2785 | D:3      | Noticed Grinder
  2887 | D:3      | Reached skill level 2 in Fighting
  2887 | D:3      | Reached skill level 3 in Spellcasting
  2963 | D:3      | Reached XP level 5. HP: 30/30 MP: 6/9
  2973 | D:3      | Paralysed by Grinder for 5 turns
  2981 | D:3      | Gained mutation: You expend magic power (3 MP) to
                  | strengthen your wands. [potion of mutation]
  2981 | D:3      | Gained mutation: You are agile. (Dex +2) [potion of
                  | mutation]
  2999 | D:3      | Killed Grinder
  3000 | D:3      | Reached skill level 3 in Fighting
  3000 | D:3      | Reached skill level 2 in Hexes
  3000 | D:3      | Reached XP level 6. HP: 37/37 MP: 0/11
  3377 | D:3      | Noticed Sigmund
  3463 | D:3      | Reached skill level 3 in Hexes
  3647 | D:2      | Reached XP level 7. HP: 41/41 MP: 9/12
  3799 | D:3      | Killed Sigmund
  3800 | D:3      | Reached skill level 4 in Spellcasting
  3800 | D:3      | Reached skill level 4 in Hexes
  4364 | D:3      | Reached skill level 4 in Fighting
  4401 | D:3      | Upgraded the game from 0.27-a0-489-g24c7b1a3ef to
                  | 0.27-a0-498-g7ecbb0a48f
  5033 | D:4      | Reached XP level 8. HP: 31/48 MP: 7/14
  5321 | D:4      | Reached skill level 5 in Hexes
  5474 | D:4      | Found an ornate altar of the Wu Jian Council.
  5834 | D:4      | Learned a level 4 spell: Fulminant Prism
  5869 | D:5      | Entered Level 5 of the Dungeon
  5870 | D:5      | Identified the +7 falchion of the Dungeon {pain, +Rage rN++
                  | Dex-4}
  6743 | D:5      | Reached skill level 3 in Dodging
  6743 | D:5      | Reached skill level 5 in Spellcasting
  6934 | D:5      | Reached skill level 5 in Fighting
  7038 | D:5      | Reached skill level 6 in Hexes
  7095 | D:5      | HP: 12/49 [poisoned by a killer bee]
  7100 | D:5      | HP: 9/49 [poisoned by a killer bee]
  7106 | D:5      | HP: 6/49 [poisoned by a killer bee]
  7111 | D:5      | HP: 5/49 [poisoned by a killer bee]
  7118 | D:5      | HP: 4/49 [poisoned by a killer bee]
  7126 | D:5      | HP: 3/49 [poisoned by a killer bee]
  7478 | D:5      | Reached XP level 9. HP: 47/54 MP: 12/17
  7590 | D:5      | Reached skill level 4 in Dodging
  8486 | D:6      | Reached skill level 7 in Hexes
  8866 | D:6      | Reached skill level 6 in Fighting
  8887 | D:6      | HP: 13/55 [poisoned by a water moccasin]
  8892 | D:6      | HP: 12/55 [poisoned by a water moccasin]
  8899 | D:6      | HP: 11/55 [poisoned by a water moccasin]
  8907 | D:6      | HP: 11/55 [poisoned by a water moccasin]
  9741 | D:7      | Reached skill level 5 in Dodging
  9741 | D:7      | Reached skill level 6 in Spellcasting
  9973 | D:7      | Found Fumpad's Antique Armour Boutique.
 10318 | D:7      | Found Nadeinn's Distillery.
 10386 | D:7      | Reached skill level 6 in Conjurations
 10607 | D:7      | Bought 2 potions of heal wounds for 130 gold pieces
 10729 | D:7      | Reached XP level 10. HP: 47/61 MP: 13/19
 11360 | D:7      | Reached skill level 6 in Dodging
 11490 | D:7      | Found Fori's Weapon Shop.
 11697 | D:7      | Reached skill level 7 in Fighting
 11697 | D:7      | Reached skill level 7 in Conjurations
 11824 | D:7      | Found a staircase to the Ecumenical Temple.
 11831 | Temple   | Entered the Ecumenical Temple
 11912 | Temple   | Became a worshipper of Vehumet
 12070 | D:8      | Noticed Psyche
 12175 | D:8      | You fall into a shaft and drop 1 floor!
 13104 | D:8      | Noticed a two-headed ogre
 13134 | D:8      | Killed a two-headed ogre
 13135 | D:8      | Reached skill level 7 in Spellcasting
 13159 | D:8      | Killed Psyche
 13172 | D:8      | Reached skill level 7 in Dodging
 13172 | D:8      | Reached skill level 8 in Conjurations
 13182 | D:8      | Noticed Maurice
 13210 | D:8      | Noticed Joseph
 13543 | D:8      | Killed Maurice
 13696 | D:8      | Killed Joseph
 13792 | D:8      | Reached XP level 11. HP: 68/68 MP: 10/22
 13797 | D:8      | Learned a level 4 spell: Iskenderun's Mystic Blast
 14231 | D:8      | Reached * piety under Vehumet
 14231 | D:8      | Offered knowledge of Sandblast by Vehumet.
 14234 | D:8      | Reached skill level 8 in Fighting
 14729 | D:9      | Found Befastou's Elemental Accessories.
 15143 | D:9      | Found a roughly hewn altar of Beogh.
 15442 | D:9      | Reached skill level 9 in Conjurations
 15957 | D:10     | Entered Level 10 of the Dungeon
 16069 | D:10     | Reached skill level 8 in Dodging
 16194 | D:10     | Reached skill level 8 in Spellcasting
 16248 | D:10     | Reached ** piety under Vehumet
 16269 | D:10     | Offered knowledge of Shock by Vehumet.
 16453 | D:10     | Noticed Grum
 16461 | D:10     | Killed Grum
 16604 | D:10     | Found a burning altar of Makhleb.
 16988 | D:10     | Found a staircase to the Lair.
 17196 | D:11     | Found a gate leading to a gauntlet.
 17267 | D:11     | Noticed a cyclops
 17271 | D:11     | Killed a cyclops
 17739 | D:11     | Reached skill level 9 in Fighting
 17739 | D:11     | Reached skill level 10 in Conjurations
 17946 | D:11     | Noticed a white ugly thing
 18113 | Lair:1   | Entered Level 1 of the Lair of Beasts
 18650 | Lair:1   | Offered knowledge of Stone Arrow by Vehumet.
 18655 | Lair:1   | Learned a level 3 spell: Stone Arrow
 18787 | Lair:1   | Reached skill level 9 in Dodging
 19321 | Lair:2   | Reached XP level 12. HP: 76/76 MP: 6/24
 19569 | Lair:2   | Noticed an eight-headed hydra
 19580 | Lair:2   | Killed an eight-headed hydra
 20154 | Lair:1   | Reached skill level 9 in Spellcasting
 20671 | Lair:2   | Reached skill level 11 in Conjurations
 20759 | Lair:2   | Reached *** piety under Vehumet
 21687 | Lair:3   | Found a staircase to the Shoals.
 21836 | Lair:3   | Noticed a death yak
 21836 | Lair:3   | Noticed a death yak
 21836 | Lair:3   | Noticed a six-headed hydra
 21971 | Lair:3   | Reached skill level 10 in Dodging
 21974 | Lair:3   | Reached skill level 10 in Fighting
 22492 | Lair:3   | Reached skill level 1 in Shields
 22997 | Lair:4   | Reached XP level 13. HP: 50/82 MP: 18/26
 23399 | Lair:4   | Reached skill level 2 in Shields
 23467 | Lair:4   | Noticed an eight-headed hydra
 23474 | Lair:4   | HP: 20/83 [eight-headed hydra (15)]
 23476 | Lair:4   | Killed an eight-headed hydra
 23477 | Lair:4   | Reached skill level 12 in Conjurations
 23554 | Lair:4   | Offered knowledge of Mephitic Cloud by Vehumet.
 23659 | Lair:4   | Learned a level 3 spell: Mephitic Cloud
 23664 | Lair:4   | Noticed an ice dragon
 23962 | Lair:4   | Reached skill level 10 in Spellcasting
 24354 | Lair:4   | Found a staircase to the Snake Pit.
 24422 | Lair:4   | Noticed an eight-headed hydra
 24425 | Lair:4   | Killed an eight-headed hydra
 24861 | Lair:4   | Reached skill level 3 in Shields
 25355 | Lair:5   | Reached **** piety under Vehumet
 25492 | Lair:5   | Noticed a five-headed hydra
 25790 | Lair:5   | Noticed Nessos
 25849 | Lair:5   | Offered knowledge of Irradiate by Vehumet.
 25856 | Lair:5   | Learned a level 5 spell: Irradiate
 26139 | Lair:5   | Noticed Nessos
 26139 | Lair:5   | Nessos changed into Nessos the wind drake
 26146 | Lair:5   | Killed Nessos the wind drake
 26729 | Lair:5   | Reached skill level 11 in Fighting
 26739 | Lair:5   | Noticed an entropy weaver
 26742 | Lair:5   | Gained mutation: Your spells are a little easier to cast,
                  | but a little less powerful. [mutagenic glow]
 27497 | Lair:5   | Killed an entropy weaver
 27674 | Lair:5   | Reached skill level 13 in Conjurations
 27829 | Lair:5   | Noticed an entropy weaver
 27983 | Lair:5   | Killed an entropy weaver
 28678 | Lair:5   | Reached skill level 4 in Shields
 28735 | Lair:5   | Noticed a five-headed hydra
 28740 | Lair:5   | Killed a five-headed hydra
 28741 | Lair:5   | Reached skill level 1 in Transmutations
 28891 | Lair:5   | Killed a five-headed hydra
 28899 | Lair:5   | Reached skill level 2 in Transmutations
 28899 | Lair:5   | Reached XP level 14. HP: 90/90 MP: 5/28
 29186 | Lair:6   | Entered Level 6 of the Lair of Beasts
 29197 | Lair:6   | Reached ***** piety under Vehumet
 29589 | Lair:6   | Offered knowledge of Ozocubu's Refrigeration by Vehumet.
 29590 | Lair:6   | Reached skill level 3 in Transmutations
 29645 | Lair:6   | Learned a level 7 spell: Ozocubu's Refrigeration
 29799 | Lair:6   | Reached skill level 1 in Ice Magic
 29988 | Lair:6   | Reached skill level 11 in Spellcasting
 30097 | Lair:6   | Reached skill level 2 in Ice Magic
 30622 | Lair:6   | Reached skill level 3 in Ice Magic
 30776 | Lair:6   | Found a runed translucent door.
 30777 | Lair:6   | Found a viscous altar of Jiyva.
 30778 | Lair:6   | Noticed an azure jelly
 30908 | Lair:6   | Found a staircase to the Slime Pits.
 31096 | Lair:6   | Reached skill level 5 in Shields
 31731 | Lair:6   | Noticed a dire elephant
 31742 | Lair:6   | Killed a dire elephant
 31932 | Lair:6   | Reached skill level 4 in Ice Magic
 31993 | Lair:6   | Reached skill level 12 in Fighting
 32812 | D:11     | Found a portal to a secret trove of treasure.
 33195 | D:11     | Found a bloodstained altar of Trog.
 33541 | D:12     | Reached skill level 5 in Ice Magic
 33882 | D:12     | Found a staircase to the Orcish Mines.
 34287 | D:12     | Reached skill level 6 in Ice Magic
 34491 | D:12     | Found a runed translucent gate.
 34491 | D:12     | Found a runed translucent gate.
 34491 | D:12     | Found a runed translucent gate.
 35372 | D:12     | Reached skill level 7 in Ice Magic
 35564 | D:12     | Noticed a purple very ugly thing
 35580 | D:13     | Found a gate to the Vaults.
 35580 | D:13     | Noticed Urug
 35580 | D:13     | Noticed Rupert
 35586 | D:13     | Reached XP level 15. HP: 91/96 MP: 24/30
 35590 | D:12     | Offered knowledge of Iron Shot by Vehumet.
 35591 | D:12     | Reached skill level 8 in Ice Magic
 35789 | D:11     | Learned a level 6 spell: Iron Shot
 36648 | D:13     | Killed Urug
 37071 | D:13     | Reached skill level 9 in Ice Magic
 38412 | D:13     | Identified the +3 ring mail of the Countless Moons {Str+5
                  | Dex-3 Stlth+}
 38544 | D:13     | Reached skill level 10 in Ice Magic
 39411 | Orc:1    | Entered Level 1 of the Orcish Mines
 39694 | D:12     | Killed Rupert
 39940 | Orc:1    | Offered knowledge of Eringya's Noxious Bog by Vehumet.
 40294 | Orc:1    | Reached skill level 11 in Ice Magic
 40950 | Orc:1    | Noticed an orc warlord
 41012 | Orc:1    | Killed an orc warlord
 42403 | Orc:2    | Entered Level 2 of the Orcish Mines
 42966 | Orc:2    | Reached skill level 1 in Armour
 42976 | Orc:2    | HP: 11/96 [two-headed ogre/+0 giant spiked club (29)]
 42978 | Orc:2    | Slain by a two-headed ogre

Table legend: (Time is in decaauts)
 A = Elapsed time spent in this place.
 B = Non-inter-level travel time spent in this place.
 C = Inter-level travel time spent in this place.
 D = Time resting spent in this place.
 E = Time spent auto-exploring this place.
 F = Levels seen in this place.
 G = Mean time per level.
                   A        B        C        D        E       F      G
               +--------+--------+--------+--------+--------+-----+--------+
         Total |  43072 |  41464 |   1608 |  18587 |  19220 |  23 | 1872.7 |
       Dungeon |  25991 |  25108 |    883 |  10839 |  12115 |  14 | 1856.5 |
        Temple |    117 |     78 |     39 |      0 |     76 |   1 |  117.0 |
          Lair |  14352 |  13686 |    666 |   6637 |   5881 |   6 | 2392.0 |
  Orcish Mines |   2611 |   2592 |     19 |   1111 |   1148 |   2 | 1305.5 |
               +--------+--------+--------+--------+--------+-----+--------+

Top non-repeatable levels by time:
  Lair:5: 3305 daAuts
    D:13: 3187 daAuts
  Lair:4: 3072 daAuts
    D:12: 2949 daAuts
  Lair:6: 2682 daAuts
     D:7: 2555 daAuts
    D:11: 2382 daAuts
  Lair:2: 2177 daAuts
     D:5: 2149 daAuts
     D:8: 2135 daAuts
   Orc:1: 2036 daAuts
     D:3: 1852 daAuts
  Lair:3: 1701 daAuts
     D:6: 1690 daAuts
    D:10: 1577 daAuts

Table legend:
 A = Kills in this place as a percentage of kills in entire the game.
 B = Kills by you in this place as a percentage of kills by you in the entire game.
 C = Kills by friends in this place as a percentage of kills by friends in the entire game.
 D = Other kills in this place as a percentage of other kills in the entire game.
 E = Experience gained in this place as a percentage of experience gained in the entire game.
 F = Experience gained in this place divided by the number of levels of this place that you have seen.
                   A       B       C       D       E      F
               +-------+-------+-------+-------+-------+----------------------
         Total | 100.0 | 100.0 | 100.0 |   N/A | 100.0 | 4477.8
       Dungeon |  62.3 |  62.2 | 100.0 |   N/A |  41.0 | 3017.2
          Lair |  26.3 |  26.4 |   0.0 |   N/A |  45.7 | 7836.8
  Orcish Mines |  11.4 |  11.4 |   0.0 |   N/A |  13.3 | 6863.5
               +-------+-------+-------+-------+-------+----------------------

Action                   |  1- 3 |  4- 6 |  7- 9 | 10-12 | 13-15 || total
-------------------------+-------+-------+-------+-------+-------++-------
Melee: Dagger            |       |    11 |       |       |       ||    11
       Unarmed           |       |     1 |       |       |       ||     1
       Falchion          |       |       |     7 |     3 |       ||    10
       Hand axe          |       |       |       |    16 |    57 ||    73
 Cast: Magic Dart        |    70 |    21 |    92 |    39 |       ||   222
       Searing Ray       |       |    26 |    66 |    94 |     9 ||   195
       Fulminant Prism   |       |       |       |    29 |     2 ||    31
       Iskenderun's Myst |       |       |       |    19 |     4 ||    23
       Stone Arrow       |       |       |       |   100 |   455 ||   555
       Irradiate         |       |       |       |       |   116 ||   116
       Mephitic Cloud    |       |       |       |       |     1 ||     1
       Ozocubu's Refrige |       |       |       |       |    39 ||    39
       Iron Shot         |       |       |       |       |     7 ||     7
Evoke: Wand              |       |       |       |    18 |    17 ||    35
       Phantom mirror    |       |       |       |       |     3 ||     3
  Use: Potion            |       |     6 |     7 |     1 |     4 ||    18
       Scroll            |       |       |     1 |    13 |     5 ||    19
 Stab: Invisible         |       |       |     1 |       |       ||     1
Armor: Robe              |       |     1 |     7 |     4 |       ||    12
       Skin              |       |    10 |       |       |       ||    10
       Troll leather arm |       |       |       |    16 |    67 ||    83
Dodge: Dodged            |       |    12 |    72 |   185 |   296 ||   565
Block: Buckler           |       |       |       |       |   168 ||   168
       Reflection        |       |       |       |       |     6 ||     6
       Rpst.: Falchion   |       |       |    16 |     7 |       ||    23

Vanquished Creatures
  An orc warlord (Orc:1)
  A dire elephant (Lair:6)
  2 entropy weavers (Lair:5)
  9 hydras
  3 ogre magi (Orc:2)
  A boulder beetle (D:13)
  A centaur warrior (D:13)
  8 two-headed ogres
  A queen ant (Lair:4)
  Urug (D:13)
  2 unseen horrors
  2 orc knights (Orc:1)
  A deep elf pyromancer (D:13)
  An orc sorcerer (Orc:1)
  A phantasmal warrior (D:13)
  4 ugly things
  2 will-o-the-wisps (Lair:6)
  A manticore (D:12)
  2 cyclopes
  4 elephants
  Maurice (D:8)
  5 black mambas
  11 cane toads
  Joseph (D:8)
  3 gargoyles
  7 komodo dragons
  Psyche (D:8)
  A centaur skeleton (D:13)
  4 rime drakes
  A komodo dragon (shapeshifter) (D:12)
  4 trolls
  Grinder (D:3)
  7 polar bears
  12 blink frogs
  A hornet (D:11)
  A wind drake (Lair:5)
  6 dream sheep (Lair:5)
  A shadow (D:13)
  A vampire (D:13)
  Sigmund (D:3)
  A wraith (D:13)
  5 wyverns
  31 yaks
  5 basilisks
  16 humans
  5 vampire mosquitoes
  Grum (D:10)
  3 wargs (Orc:1)
  4 nagas (Lair:4)
  18 soldier ants
  12 water moccasins
  An acid dragon (D:13)
  2 swamp drakes (Lair:6)
  17 orc warriors
  4 sky beasts
  4 ice beasts
  23 ogres
  11 wolves
  2 eyes of draining
  2 phantoms
  13 centaurs
  3 kobold brigands (D:13)
  18 bullfrogs
  A gnoll sergeant (D:8)
  A wyvern skeleton (D:13)
  11 killer bees
  5 scorpions
  16 wights
  5 howler monkeys
  3 electric eels (D:10)
  A bullfrog zombie (D:10)
  3 centaur zombies
  21 orc priests
  2 jellies (D:11)
  11 hounds
  2 bullfrog skeletons
  4 iguanas
  26 orc wizards
  22 worker ants
  12 hell rats
  A hound zombie (D:7)
  A hound skeleton (D:7)
  A worker ant zombie (D:10)
  5 gnolls (D:8)
  10 adders
  A howler monkey skeleton (D:6)
  3 shadow imps
  6 white imps
  5 ufetubi
  2 oozes
  An adder zombie (D:5)
  6 worms
  4 dart slugs
  8 leopard geckos
  79 orcs
  3 giant cockroaches
  3 goblins
  4 hobgoblins (D:1)
  12 jackals
  28 kobolds
  8 quokkas
  6 bats
  6 frilled lizards (D:1)
  A leopard gecko skeleton (D:5)
  A leopard gecko zombie (D:8)
  A quokka zombie (D:4)
  12 rats
  A butterfly (Lair:1)
684 creatures vanquished.

Vanquished Creatures (collateral kills)
  Rupert (D:12)
1 creature vanquished.

Vanquished Creatures (others)
  3 foxfires (Lair:6)
  31 fulminant prisms
  51 fungi
  49 plants
134 creatures vanquished.

Grand Total: 819 creatures vanquished You could see 4 two-headed ogres and 2 ogres.

Levels and vault maps discovered:
D:1:      psy_arrival_terrarium, layout_basic, minmay_misc_feat_columns,
          minmay_misc_feat_doors, minmay_misc_feat_cross
D:2:      layout_basic, minmay_split_cup_large
D:3:      layout_rooms, uniq_grinder, uniq_sigmund
D:4:      layout_basic, pdpol_wu_jian_five_deadly_venoms
D:5:      layout_basic
D:6:      layout_cave_pods
D:7:      layout_basic, minmay_temple_entry_statues_pillars, serial_shops,
          nicolae_shop_window_shopping, shop, shop, corexii_corridor_pit,
          kennysheep_generic_room_7
D:8:      layout_loops_ring, uniq_joseph, uniq_maurice, uniq_psyche
D:9:      layout_loops_ring, serial_glass, glass_columns_c, glass_columns_b,
          glass_columns_c, glass_columns_a, glass_columns_b, glass_columns_a,
          glass_columns_c, glass_columns_a, glass_columns_c, glass_columns_b,
          glass_columns_a, glass_columns_b, glass_columns_c, glass_columns_b,
          nicolae_elemental_shop, david_defended_altar_orc
D:10:     layout_irregular_city, erik_lair_island, bloody_makhleb, uniq_grum
D:11:     wander_river, layout_grid_maze, basic_altar, enter_trove_1,
          gauntlet_entry_generic
D:12:     layout_irregular_city, orc_0_dummy,
          ploomutoo_gammafunk_ghost_potion_laboratory, serial_column_ruins,
          column_ruins_hut_ruined, column_ruins_square_small,
          column_ruins_open_tiny, column_ruins_corridor_dead_end,
          column_ruins_grid_4, column_ruins_corridor_straight,
          column_ruins_columns_dead_end
D:13:     layout_roguey, david_vaults_3, minmay_misc_feat_nine_boxes,
          minmay_quadrilaterals
D:14:     layout_stronghold, nicolae_lava_and_water, uniq_snorg
Temple:   kilobyte_greek_temple
Lair:1:   statuecave_lemuel, layout_hall_layers, nicolae_quartered_pool_medium,
          beast_lair_carwin_2, infiniplex_staircase_pool, lemuel_fruit_tree,
          lemuel_fruit_fields
Lair:2:   layout_loops_ring, lemuel_fruit_fields, serial_bayou_shore_b,
          grunt_megastairs_5, infiniplex_staircase_pool_2
Lair:3:   layout_loops_ring, elwin_shoals_entry_rocks, minivault_19
Lair:4:   layout_roguey, guppyfry_snake_entry_island,
          portal_ice_cave_entry_animals_and_master, grunt_megastairs_1
Lair:5:   layout_hall_layers, zaba_antful_of_joy, serial_bayou_shore_b,
          uniq_nessos
Lair:6:   evil_forest, layout_small_grid, slime_altar_2,
          chequers_serial_rivers_room_b, pond
Orc:1:    layout_caves
Orc:2:    st_orc_ogre_mass, layout_diamond_mine, serial_shops, shop
